 Dungeon Crawl Stone Soup version 0.21-a0-440-g28109cb (webtiles) character file.

100 Gildeon the Chopper (level 4, -4/40 HPs)
             Began as a Minotaur Fighter on Nov 10, 2017.
             Slain by a gnoll
             ... wielding a +0 spear
              (6 damage)
             ... on level 2 of the Dungeon.
             The game lasted 00:21:43 (2167 turns).

Gildeon the Chopper (Minotaur Fighter)              Turns: 2167, Time: 00:21:43

Health: -4/40      AC:  7    Str: 22    XL:     4   Next: 47%
Magic:  3/3        EV:  7    Int:  5    God:
Gold:   110        SH:  9    Dex:  9    Spells: 3/3 levels left

rFire    . . .     SeeInvis .   a - +0 war axe
rCold    . . .     Gourm    .   c - +0 shield
rNeg     . . .     Faith    .   b - +0 scale mail
rPois    .         Spirit   .   (helmet restricted)
rElec    .         Reflect  .   (no cloak)
rCorr    .         Harm     .   (no gloves)
MR       .....                  (no boots)
Stlth    ..........             (no amulet)
HPRegen  0.13/turn              (no ring)
MPRegen  0.08/turn              (no ring)

@: no status effects
A: retaliatory headbutt, horns 2
a: no special abilities


You were on level 2 of the Dungeon.
You were not hungry.

You visited 1 branch of the dungeon, and saw 2 of its levels.

You collected 110 gold pieces.

Inventory:

Hand Weapons
 a - a +0 war axe (weapon)
 e - a +0 short sword
 m - a +0 club
 n - a +0 club
 q - a +1 whip of electrocution
 v - a +0 dagger
 z - a +0 club
 C - a +0 whip
 H - a +0 club
 I - a +0 club
 L - a cursed -1 club
 N - a +0 short sword
 O - a +0 club
 P - a +0 whip
 Q - a +0 club
 S - a +0 club
 V - a +0 hunting sling
Missiles
 g - 114 stones
 B - 40 arrows
 K - 5 tomahawks of returning (quivered)
Armour
 b - a +0 scale mail (worn)
 c - a +0 shield (worn)
 k - a +0 ring mail
 o - a +0 robe
 r - a cursed +0 robe
 A - a +0 ring mail
 G - a +0 ring mail
 J - a +0 leather armour
Wands
 R - a wand of paralysis (17/24)
Scrolls
 f - a scroll of fog {unknown}
 h - a scroll of identify {unknown}
 j - 2 scrolls of remove curse {unknown}
 l - a scroll of enchant armour {unknown}
 p - a scroll of recharging {unknown}
 t - a scroll of enchant weapon {unknown}
 w - a scroll of blinking {unknown}
 y - a scroll of immolation {unknown}
 M - a scroll of teleportation {unknown}
Potions
 d - a potion of might
 i - a potion of flight {unknown}
 s - a potion of magic {unknown}
 u - a potion of mutation {unknown}
 D - a potion of heal wounds {unknown}
 E - a potion of berserk rage {unknown}
 F - a potion of cancellation {unknown}
Comestibles
 x - 2 meat rations
 T - 2 chunks of flesh
 U - a bread ration


   Skills:
 - Level 4.0 Fighting
 + Level 4.6 Axes
 - Level 4.2 Armour
 - Level 4.2 Shields


You had 3 spell levels left.
You didn't know any spells.

Dungeon Overview and Level Annotations

Branches:
Dungeon (2/15)

Altars:
Makhleb
Qazlal


Innate Abilities, Weirdness & Mutations

You reflexively headbutt those who attack you in melee.
You have a pair of horns on your head.


Message History

You barely miss the gnoll. Your headbutt misses the gnoll.
You barely miss the gnoll. x2; The gnoll hits you with a spear.
You block the gnoll's attack. The gnoll hits you but does no damage.
You block the gnoll's attack.
You closely miss the gnoll. Your headbutt misses the gnoll. You hit the gnoll.
You slash the gnoll! The gnoll hits you but does no damage.
You block the gnoll's attack. The gnoll hits you with a spear.
You closely miss the gnoll. You barely miss the gnoll. x2
The gnoll barely misses you. The gnoll hits you with a spear.
You block the gnoll's attack. The gnoll barely misses you.
You barely miss the gnoll. Your headbutt misses the gnoll. You hit the gnoll.
You closely miss the gnoll. You block the gnoll's attack.
The gnoll hits you with a halberd!
* * * LOW HITPOINT WARNING * * *
The gnoll barely misses you. The gnoll hits you with a spear.
* * * LOW HITPOINT WARNING * * *
Your shield and scale mail prevent you from hitting the gnoll.
You hit the gnoll. You barely miss the gnoll. You block the gnoll's attack.
The gnoll hits you but does no damage. The gnoll hits you with a spear.
You die...

#. #.#### ..$ #..... .... #(....
.... ### #..... .....# #...
##....(####.....# ###..
.......(.g.....# #..#
......#)@g.....####.#
#....).g..........##
###########.##.#.#....####...##
...................#.#####.#..#
.#........#####...#..###.....####
#......_..#####..................
..........##........#.#..........
..........##.......##..รท.........
#.........##.......####.#........


You could see 3 gnolls.

Vanquished Creatures
  Terence (D:2)
  2 adders (D:2)
  2 dart slugs (D:1)
  3 leopard geckos (D:2)
  An orc (D:2)
  A ball python (D:1)
  8 bats
  A giant cockroach (D:2)
  5 goblins
  4 hobgoblins
  2 quokkas (D:2)
  4 frilled lizards
  9 kobolds
  6 rats
49 creatures vanquished.

Notes
Turn   | Place    | Note
-------+----------+-------------------------------------------
     0 | D:1      | Gildeon the Minotaur Fighter began the quest for the Orb.
     0 | D:1      | Reached XP level 1. HP: 19/19 MP: 0/0
   335 | D:1      | Reached XP level 2. HP: 27/27 MP: 1/1
   569 | D:1      | You fall through a shaft!
   603 | D:2      | Reached XP level 3. HP: 25/33 MP: 2/2
   649 | D:2      | Found a burning altar of Makhleb.
  1717 | D:1      | Reached XP level 4. HP: 40/40 MP: 3/3
  1969 | D:2      | Found a stormy altar of Qazlal.
  2154 | D:2      | Noticed Terence
  2160 | D:2      | Killed Terence
  2166 | D:2      | HP: 2/40 [gnoll/spear (6)]
  2167 | D:2      | Slain by a gnoll

Vault maps used:
D:1:      dpeg_chamrin_arrival_tetris
D:2:      elyvilon_altar_1, lemuel_doored_altar, marbit_many_paths,
          bloody_makhleb, hangedman_decor_growths,
          nicolae_qazlal_general_emergency, uniq_terence

Skill      XL: |  1  2  3  4 |
---------------+-------------+-----
Shields        | 4 |  4.2
Axes           | 3 4 |  4.6
Armour         | 4 |  4.2
Fighting       | 4 |  4.0

Action                   |  1- 3 |  4- 6 || total
-------------------------+-------+-------++-------
Melee: War axe           |   109 |    17 ||   126
       Headbutt          |    11 |     2 ||    13
Throw: Stone             |    11 |       ||    11
       Tomahawk          |       |     3 ||     3
  Eat: Bread ration      |     1 |       ||     1
       Chunk             |     1 |       ||     1
Armor: Scale mail        |    65 |     9 ||    74
Dodge: Dodged            |    35 |    11 ||    46
Block: Shield            |    70 |    11 ||    81

Table legend:
 A = Spawn XP
 B = Non-spawn XP
 C = Spawn XP percentage of total XP
 D = Spawn monster count
 E = Non-spawn monster count
 F = Spawn count percentage of total count
 G = Total turns spent on level
                    A         B        C        D         E        F      G
               +---------+---------+-------+---------+---------+-------+---------
         Total |       0 |     144 |   0.0 |       0 |      49 |   0.0 |  2167
               +---------+---------+-------+---------+---------+-------+---------
           D:1 |       0 |      45 |   0.0 |       0 |      27 |   0.0 |  1579
           D:2 |       0 |      99 |   0.0 |       0 |      22 |   0.0 |   588
               +---------+---------+-------+---------+---------+-------+---------
